 Dungeon Crawl Stone Soup version 0.18-b1-16-g289874d (webtiles) character file.

47573 otab the Shatterer (level 14, -9/157 HPs)
             Began as an Ogre Berserker on May 1, 2016.
             Was a High Priest of Trog.
             Mangled by a skeletal warrior
             ... wielding a +0 glaive
             ... led by a skeletal warrior
              (26 damage)
             ... on level 12 of the Dungeon.
             The game lasted 00:34:49 (24531 turns).

otab the Shatterer (Ogre Berserker)                Turns: 24531, Time: 00:34:50

Health: -9/157     AC:  6    Str: 31    XL:     14   Next: 42%
Magic:  14/14      EV: 16    Int:  6    God:    Trog [*****.]
Gold:   1355       SH:  4    Dex: 15    Spells: 0 memorised, 13 levels left

rFire  . . .     SeeInvis .     N - +8 giant spiked club
rCold  . . .     Gourm    .     M - +2 robe {MR+}
rNeg   . . .     Faith    .     (shield currently unavailable)
rPois  .         Spirit   .     (helmet restricted)
rElec  .         Dismiss  .     J - +0 cloak
rCorr  .         Reflect  +     (gloves unavailable)
SustAt .         Harm     .     (boots unavailable)
MR     ++...                    G - +4 amulet of reflection
Stlth  +.........               D - +5 ring of strength
                                P - +3 ring of dexterity

@: exhausted, slowed, very slow, very resistant to hostile enchantments, very
unstealthy
A: unfitting armour, tough skin 1
a: Berserk, Trog's Hand, Brothers in Arms, Burn Spellbooks, Renounce Religion


You were on level 12 of the Dungeon.
You worshipped Trog.
Trog was extremely pleased with you.
You were very hungry.

You visited 2 branches of the dungeon, and saw 17 of its levels.
You also visited: Sewer and Ice Cave.

You collected 1487 gold pieces.
You spent 132 gold pieces at shops.

Inventory:

Hand Weapons
 N - a +8 giant spiked club (weapon)
 U - the +3 giant spiked club of Armageddon {speed, Str+2}
   (Trog gifted it to you on level 3 of the Lair of Beasts)

   Attacks with this weapon are significantly faster.
   It affects your strength (+2).
Armour
 H - a +1 robe of resistance
 J - a +0 cloak (worn)
 M - a +2 robe of magic resistance (worn)
Jewellery
 f - an uncursed amulet of regeneration
 q - an uncursed ring of protection from cold
 w - an uncursed amulet of guardian spirit
 D - a +5 ring of strength (right hand)
 G - a +4 amulet of reflection (around neck)
 P - a +3 ring of dexterity (left hand)
Wands
 a - a wand of flame (29/48)
 m - a wand of teleportation (6/9)
 s - a wand of disintegration (11/24)
 t - a wand of acid (8/15)
 x - a wand of paralysis (2/24)
 y - a wand of teleportation (5/9)
 C - a wand of iceblast (0/15)
 I - a wand of iceblast (10/15)
 L - a wand of lightning (3/15)
Scrolls
 g - 2 scrolls of amnesia
 j - 8 scrolls of fog
 k - 2 scrolls of recharging
 l - 10 scrolls of remove curse
 r - a scroll of immolation
 u - 3 scrolls of holy word
 v - 4 scrolls of blinking
 E - 5 scrolls of identify
 F - a scroll of teleportation
Potions
 d - 4 potions of heal wounds
 i - 6 potions of might
 n - 2 potions of degeneration
 o - a potion of magic
 z - 5 potions of curing
 B - 2 potions of brilliance
 Q - 2 potions of flight
Miscellaneous
 e - a box of beasts
Comestibles
 b - 10 beef jerkies
 c - 6 bread rations
 h - 5 meat rations
 p - 3 fruits
 A - a slice of pizza


   Skills:
 + Level 14.7 Fighting
 * Level 21.9 Maces & Flails
 + Level 11.1 Dodging
 - Level 0.8 Evocations


You had 13 spell levels left.
You didn't know any spells.

Dungeon Overview and Level Annotations

Branches:
Dungeon (12/15)            Temple (0/1) D:5            Lair (5/8) D:9
  Swamp (0/4) Lair:3       Spider (0/4) Lair:5          Orc (0/2) D:11

Altars:
Ashenzari
Fedhas
Gozag
Kikubaaqudgha
Makhleb
Okawaru
Qazlal
Ru
Sif Muna
Trog
Zin

Shops:
D:4 *


Innate Abilities, Weirdness & Mutations

You are too large for most types of armour.
You have tough skin (AC +1).


Message History

A skeletal warrior comes into view. It is wielding a glaive.
You impale the skeletal warrior!!
The skeletal warrior is heavily damaged.
The skeletal warrior hits you with a halberd!!
* * * LOW HITPOINT WARNING * * *
You closely miss the skeletal warrior.
The skeletal warrior is heavily damaged.
You pound the skeletal warrior like an anvil!!!
You feel the power of Trog in you as your rage grows.
You destroy the skeletal warrior!
A skeletal warrior comes into view. It is wielding a scimitar.
You see here a halberd.
You feel a strong urge to attack something.
You feel your anger subside.
You are no longer berserk.
You are exhausted.
You feel yourself slow down.
You are feeling very hungry.
The skeletal warrior hits you from afar with a glaive!!
You die...

#....##..###.#
#....#..## ..#
##......## #.z#
####.....### #..#
###....#...#######
#/#
##...######........
z#
##(....#...z..#####.
. #.............#
#(.......@....#
#.((.().......#
##...))#.........
#.................
##......<..........
##..?........(......
##..#................
##.<......?..#.##..##
#............#.#


You could see a skeletal warrior.

Vanquished Creatures
  Maud (D:10)
  Azrael (D:12)
  The ghost of otab the Basher, a novice OgBe of Trog (D:8)
  A hydra (Lair:1)
  Erolcha (D:9)
  A catoblepas (Lair:5)
  3 death yaks (Lair:4)
  Nergalle (D:11)
  A skeletal warrior (D:12)
  An unseen horror (D:10)
  3 hill giants (D:10)
  Pikel (D:7)
  A necromancer (IceCv)
  An ugly thing (D:11)
  12 elephants
  A griffon (Lair:5)
  Joseph (D:9)
  Maurice (D:8)
  3 ice statues (IceCv)
  9 spiny frogs
  Psyche (D:8)
  A kobold demonologist (D:12)
  A demonic crawler (Lair:5)
  3 rime drakes (Lair:5)
  2 komodo dragons
  8 ice devils (IceCv)
  2 trolls
  Prince Ribbit (D:5)
  A two-headed ogre (D:9)
  A giant leech (Lair:3)
  Grinder (D:5)
  11 blink frogs
  The ghost of otab the Cudgeler, an amateur OgBe of Trog (D:3)
  Sigmund (D:2)
  A redback (Lair:5)
  10 wyverns (Lair:5)
  3 spriggans (Lair:1)
  A vampire (D:11)
  40 yaks
  4 fire elementals (D:12)
  9 basilisks
  8 hippogriffs
  5 vampire mosquitoes
  6 water moccasins
  10 porcupines
  3 orc warriors
  3 hell hounds
  4 sky beasts
  2 phantoms
  4 black bears
  2 ogres
  A slave (D:7)
  3 wolves
  A big kobold (D:12)
  3 centaurs (D:10)
  7 crocodiles
  Blork the orc (D:6)
  12 giant frogs
  A gnoll sergeant (D:10)
  5 scorpions
  4 howler monkeys
  3 wights (D:11)
  4 crimson imps
  3 draconian simulacra (IceCv)
  4 giant frog zombies
  2 quasits (D:9)
  A centaur zombie (D:12)
  A centaur skeleton (D:4)
  Crazy Yiuf (D:6)
  10 hounds
  5 jellies
  2 giant frog skeletons (D:6)
  8 orc priests
  11 orc wizards
  6 iguanas
  Natasha (thrice) (D:2)
  2 troll simulacra (IceCv)
  8 worker ants
  A spriggan simulacrum (IceCv)
  8 sheep
  2 centaur simulacra (IceCv)
  A hound zombie (D:9)
  6 gnolls
  An ogre simulacrum (IceCv)
  12 adders
  A naga simulacrum (IceCv)
  64 river rats
  4 shadow imps
  12 white imps (Lair:3)
  3 oozes
  An adder skeleton (D:8)
  2 adder zombies
  5 worms
  3 dart slugs
  6 giant geckos
  51 orcs
  2 bat zombies (D:2)
  8 giant cockroaches
  5 goblins (D:1)
  7 hobgoblins
  7 jackals
  14 kobolds
  6 quokkas
  15 ball pythons
  A ball python zombie (D:6)
  9 bats
  A giant gecko skeleton (D:6)
  9 giant newts
  40 rats
  A fungus (Lair:3)
615 creatures vanquished.

Vanquished Creatures (others)
  A slave (D:7)
  An ogre (D:7)
  A giant frog skeleton (D:7)
  An iguana (D:7)
  An orc (D:4)
  27 fungi
  11 plants
43 creatures vanquished.

Grand Total: 658 creatures vanquished

Notes
Turn   | Place    | Note
--------------------------------------------------------------
     0 | D:1      | otab the Ogre Berserker began the quest for the Orb.
     0 | D:1      | Reached XP level 1. HP: 24/24 MP: 1/1
   126 | D:1      | Reached XP level 2. HP: 32/32 MP: 2/2
   521 | D:1      | Reached XP level 3. HP: 37/40 MP: 3/3
   567 | D:1      | Reached ** piety under Trog
   992 | D:2      | Reached skill level 5 in Maces & Flails
  1166 | D:2      | Noticed Sigmund
  1177 | D:2      | Killed Sigmund
  1177 | D:2      | Reached skill level 5 in Fighting
  1177 | D:2      | Reached skill level 6 in Maces & Flails
  1177 | D:2      | Reached XP level 4. HP: 46/50 MP: 4/4
  1177 | D:2      | Reached XP level 5. HP: 53/57 MP: 5/5
  1442 | D:2      | Noticed Natasha
  1455 | D:2      | Killed Natasha
  1455 | D:2      | Reached XP level 6. HP: 17/66 MP: 6/6
  1541 | D:2      | Noticed Natasha
  1544 | D:2      | Killed Natasha
  1804 | D:2      | Noticed Natasha
  1812 | D:2      | Killed Natasha
  2065 | D:2      | Reached *** piety under Trog
  2163 | D:2      | Found an ancient bone altar of Kikubaaqudgha.
  2202 | D:3      | Found a glowing drain.
  2203 | D:3      | Noticed otab's ghost (amateur OgBe)
  2233 | D:3      | Killed otab's ghost
  2233 | D:3      | Reached skill level 7 in Maces & Flails
  2233 | D:3      | Reached XP level 7. HP: 59/74 MP: 7/7
  2249 | D:3      | HP: 5/111 [poisoned by otab's ghost]
  2254 | D:3      | HP: 3/111 [poisoned by otab's ghost]
  2261 | D:3      | HP: 2/111 [poisoned by otab's ghost]
  2269 | D:3      | HP: 2/111 [poisoned by otab's ghost]
  2341 | Sewer    | Entered a sewer
  3194 | Sewer    | Reached **** piety under Trog
  3194 | Sewer    | Reached skill level 5 in Dodging
  3540 | Sewer    | Reached skill level 8 in Maces & Flails
  3864 | D:3      | Found a burning altar of Makhleb.
  3871 | D:3      | Found an opulent altar of Gozag.
  3871 | D:3      | Found a glowing silver altar of Zin.
  3962 | D:3      | Found an iron altar of Okawaru.
  4493 | D:4      | Reached XP level 8. HP: 71/84 MP: 8/8
  4842 | D:4      | Found Zadwipug's General Store.
  4845 | D:4      | Bought a scroll of enchant weapon for 90 gold pieces
  4845 | D:4      | Bought a scroll of fear for 42 gold pieces
  4961 | D:4      | Reached skill level 9 in Maces & Flails
  5139 | D:4      | Found a deep blue altar of Sif Muna.
  5264 | D:5      | Entered Level 5 of the Dungeon
  5265 | D:5      | Noticed Prince Ribbit
  5294 | D:5      | Killed Prince Ribbit
  5312 | D:5      | Found a blossoming altar of Fedhas.
  5319 | D:5      | Found a sacrificial altar of Ru.
  5391 | D:5      | Found a staircase to the Ecumenical Temple.
  5535 | D:5      | Found a shattered altar of Ashenzari.
  5545 | D:5      | Noticed Grinder
  5557 | D:5      | Killed Grinder
  5557 | D:5      | Reached skill level 10 in Maces & Flails
  5668 | D:5      | Reached XP level 9. HP: 87/96 MP: 9/9
  5699 | D:5      | Found a stormy altar of Qazlal.
  5860 | D:6      | Noticed Crazy Yiuf
  5864 | D:6      | Killed Crazy Yiuf
  6161 | D:6      | Reached ***** piety under Trog
  6235 | D:6      | Reached skill level 11 in Maces & Flails
  6427 | D:6      | Noticed Blork the orc
  6433 | D:6      | Killed Blork the orc
  6562 | D:6      | Found a bloodstained altar of Trog.
  6573 | D:6      | Received a gift from Trog
  7248 | D:7      | Noticed Pikel
  7263 | D:7      | Killed Pikel
  7263 | D:7      | Reached skill level 12 in Maces & Flails
  7471 | D:7      | Got a jewelled battleaxe
  7472 | D:7      | Identified the +6 battleaxe "Lewustir" {speed, SInv} (You found it on level 7 of the Dungeon)
  7557 | D:7      | Reached XP level 10. HP: 88/107 MP: 10/10
  7561 | D:7      | Gained mutation: Your muscles are strong. (Str +2) [mutagenic meat]
  7562 | D:7      | Gained mutation: You are dopey. (Int -2) [mutagenic meat]
  7563 | D:7      | Gained mutation: You possess an exceptional clarity of mind. [mutagenic meat]
  7564 | D:7      | Gained mutation: You are frail (-10% HP). [mutagenic meat]
  7911 | D:7      | Reached skill level 13 in Maces & Flails
  8108 | D:8      | Noticed Maurice
  8311 | D:8      | Killed Maurice
  8442 | D:8      | Noticed otab's ghost (novice OgBe)
  8451 | D:8      | Killed otab's ghost
  8861 | D:8      | Noticed Psyche
  8866 | D:8      | Killed Psyche
  8866 | D:8      | Reached skill level 14 in Maces & Flails
  9169 | D:9      | Noticed Erolcha
  9181 | D:9      | Killed Erolcha
  9181 | D:9      | Reached skill level 10 in Fighting
  9329 | D:9      | Found a staircase to the Lair.
  9363 | D:9      | Reached XP level 11. HP: 95/107 MP: 11/11
  9368 | D:9      | Reached skill level 15 in Maces & Flails
  9608 | D:9      | Received a gift from Trog
 10166 | D:9      | Noticed Joseph
 10175 | D:9      | Killed Joseph
 10478 | D:10     | Entered Level 10 of the Dungeon
 10855 | D:10     | Noticed Maud
 10878 | D:10     | Killed Maud
 11124 | D:10     | Noticed a hill giant
 11707 | D:10     | Found a bloodstained altar of Trog.
 11769 | D:10     | Noticed a hill giant
 11774 | D:10     | Killed a hill giant
 11774 | D:10     | Reached skill level 16 in Maces & Flails
 11844 | Lair:1   | Entered Level 1 of the Lair of Beasts
 13711 | Lair:2   | Reached XP level 12. HP: 105/117 MP: 12/12
 13817 | Lair:2   | Reached skill level 17 in Maces & Flails
 14029 | Lair:2   | Received a gift from Trog
 14444 | Lair:2   | Lost mutation: You are dopey. (Int -2) [potion of cure mutation]
 14444 | Lair:2   | Lost mutation: Your muscles are strong. (Str +2) [potion of cure mutation]
 14444 | Lair:2   | Lost mutation: You are frail (-10% HP). [potion of cure mutation]
 14444 | Lair:2   | Lost mutation: You possess an exceptional clarity of mind. [potion of cure mutation]
 14930 | Lair:3   | Found a staircase to the Swamp.
 14948 | Lair:3   | Found a frozen archway.
 15047 | IceCv    | Entered an ice cave
 16333 | IceCv    | Reached skill level 18 in Maces & Flails
 16357 | IceCv    | Reached skill level 10 in Dodging
 17715 | Lair:3   | Received a gift from Trog
 17715 | Lair:3   | Reached skill level 19 in Maces & Flails
 18371 | Lair:3   | Reached XP level 13. HP: 136/141 MP: 13/13
 18399 | Lair:3   | Received a gift from Trog
 18402 | Lair:3   | Got an ichor-stained giant spiked club {god gift}
 18403 | Lair:3   | Identified the +3 giant spiked club of Armageddon {speed, Str+2} (Trog gifted it to you on level 3 of the Lair of Beasts)
 20204 | Lair:5   | Reached skill level 20 in Maces & Flails
 20528 | Lair:5   | Found a hole to the Spider Nest.
 20544 | Lair:5   | Received a gift from Trog
 21829 | Lair:5   | Received a gift from Trog
 22033 | Lair:5   | Reached skill level 21 in Maces & Flails
 22043 | Lair:5   | Reached XP level 14. HP: 156/156 MP: 14/14
 23444 | D:11     | Noticed Nergalle
 23448 | D:11     | Killed Nergalle
 24056 | D:11     | Found a staircase to the Orcish Mines.
 24499 | D:12     | Noticed Azrael
 24511 | D:12     | Killed Azrael
 24531 | D:12     | Mangled by a skeletal warrior

Skill      XL: |  1  2  3  4  5  6  7  8  9 10 11 12 13 14 |
---------------+-------------------------------------------+-----
Dodging        | 3 4 5 6 7 8 9 10 11 | 11.1
Maces & Flails | 6 7 8 10 12 14 16 19 21 | 21.9
Fighting       | 5 6 7 9 10 11 12 14 | 14.7
Evocations     | |  0.8

Action                   |  1- 3 |  4- 6 |  7- 9 | 10-12 | 13-15 || total
-------------------------+-------+-------+-------+-------+-------++-------
Melee: Mace              |    96 |    83 |    63 |       |       ||   242
       Dire flail        |       |       |   374 |   206 |       ||   580
       Giant spiked club |       |       |     7 |   316 |   486 ||   809
       Great mace        |       |       |       |     4 |       ||     4
Invok: Berserk           |     4 |     4 |    13 |    15 |     9 ||    45
       Trog's Hand       |       |       |     1 |     2 |       ||     3
       Burn Spellbooks   |       |       |       |     1 |       ||     1
Evoke: Wand              |       |       |     4 |     4 |     4 ||    12
  Use: Potion            |       |     1 |     2 |     9 |     1 ||    13
       Scroll            |       |       |    15 |    16 |     3 ||    34
 Stab: Sleeping          |       |       |     2 |       |       ||     2
       Distracted        |       |       |       |       |     4 ||     4
  Eat: Chunk             |     4 |     3 |    19 |    17 |     5 ||    48
       Bread ration      |       |     1 |     1 |     4 |     4 ||    10
       Beef jerky        |       |       |     2 |     1 |       ||     3
       Meat ration       |       |       |     1 |     2 |     1 ||     4
       Royal jelly       |       |       |     1 |       |       ||     1
       Pizza             |       |       |       |     2 |       ||     2
       Fruit             |       |       |       |     2 |     1 ||     3
Armor: Animal skin       |    37 |    34 |    70 |       |       ||   141
       Skin              |       |       |     1 |    20 |       ||    21
       Robe              |       |       |    17 |    75 |    39 ||   131
Dodge: Dodged            |    65 |    66 |   234 |   223 |   244 ||   832
Block: Other             |       |       |       |    65 |    60 ||   125
       Reflection        |       |       |       |     1 |     2 ||     3
